 Dungeon Crawl Stone Soup version 0.29.1-1-gd02db6906a (webtiles) character file.

Game seed: 5834151190194602200

18488 LabCoat the Fighter (level 12, -6/112 HPs)
             Began as a Hill Orc Fighter on Oct 17, 2022.
             Was an Elder of Trog.
             Mangled by a torpor snail (47 damage)
             ... on level 4 of the Lair of Beasts.
             The game lasted 00:36:53 (13699 turns).

LabCoat the Fighter (Hill Orc Fighter)             Turns: 13699, Time: 00:36:53

Health: -6/112     AC: 21    Str: 24    XL:     12   Next: 59%
Magic:  12/12      EV:  2    Int:  8    God:    Trog [****..]
Gold:   758        SH:  0    Dex: 10    Spells: 11/11 levels left

rFire   . . .      SeeInvis .   p - +3 war axe (vorpal)
rCold   . . .      Faith    .   i - +2 kite shield
rNeg    . . .      Spirit   .   y - +3 plate armour
rPois   .          Reflect  .   m - +1 helmet
rElec   .          Harm     .   e - +1 cloak
rCorr   .          Rampage  .   (no gloves)
Will    +....                   (no boots)
Stlth   ..........              (no amulet)
HPRegen 0.28/turn               G - ring of willpower
MPRegen 0.13/turn               (no ring)

@: sleeping, slowed
A: no striking features
a: Renounce Religion, Berserk, Trog's Hand, Brothers in Arms


You were on level 4 of the Lair of Beasts.
You worshipped Trog.
Trog was greatly pleased with you.
You visited 3 branches of the dungeon, and saw 14 of its levels.
You also visited: Ossuary.

You collected 758 gold pieces.

Inventory:

Hand Weapons
 n - a +0 flail
 p - a +3 vorpal war axe (weapon)
Missiles
 a - a silver boomerang
 c - 28 poisoned darts
 d - 3 throwing nets
 r - 8 boomerangs (quivered)
 u - 4 curare-tipped darts
Armour
 e - a +1 cloak (worn)
 i - a +2 kite shield (worn)
 j - a +0 plate armour
 m - a +1 helmet (worn)
 s - a +2 chain mail of willpower
 y - a +3 plate armour (worn)
Jewellery
 g - a ring of fire
 F - a ring of magical power
 G - a ring of willpower (left hand)
 I - a ring of ice
Wands
 w - a wand of paralysis (5)
 z - a wand of mindburst (3)
 E - a wand of flame (23)
Scrolls
 f - 2 scrolls of enchant armour
 x - 3 scrolls of butterflies
 J - 3 scrolls of teleportation
Potions
 b - a potion of berserk rage
 h - 3 potions of brilliance
 k - 4 potions of magic
 l - 2 potions of mutation
 o - 3 potions of ambrosia
 q - 3 potions of curing
 t - 6 potions of lignification
 v - 2 potions of attraction
 A - a potion of haste {unknown}
 B - a potion of invisibility {unknown}
 C - a potion of degeneration {unknown}
 D - 2 potions of flight


   Skills:
 * Level 12.1 Fighting
 + Level 11.1 Axes
 + Level 6.2 Throwing
 + Level 8.2 Armour
 * Level 7.1 Dodging
 + Level 8.1 Shields
 + Level 6.7 Evocations


You had 11 spell levels left.
You didn't know any spells.
Your spell library contained the following spells:

 Spells                   Type           Power      Damage    Failure   Level
 Ensorcelled Hibernation  Hex/Ice        0%         N/A       100%        2
 Poisonous Vapours        Pois/Air       0%         N/A       100%        2
 Static Discharge         Conj/Air       0%         3-3/arc   100%        2
 Gell's Gravitas          Tloc           0%         N/A       100%        3
 Spider Form              Tmut/Pois      0%         N/A       100%        3
 Teleport Other           Tloc           0%         N/A       100%        3
 Anguish                  Hex/Necr       0%         N/A       100%        4
 Corpse Rot               Necr/Pois/Air  0%         N/A       100%        4
 Dispel Undead            Necr           0%         3d6       100%        4
 Leda's Liquefaction      Hex/Erth       0%         N/A       100%        4
 Sticky Flame             Conj/Fire      0%         2d3       100%        4
 Lee's Rapid Deconstruct  Erth           0%         3d5*      100%        5
 Dispersal                Tloc           0%         N/A       100%        6
 Statue Form              Tmut/Erth      0%         N/A       100%        6


Dungeon Overview and Level Annotations

Branches:
Dungeon (8/15)             Temple (1/1) D:4            Lair (5/5) D:8
  Swamp (0/4) Lair:2       Spider (0/4) Lair:2        Slime (0/5) Lair:4
Ossuary (visited)

Altars:
Ashenzari
Cheibriados
Dithmenos
Elyvilon
Hepliaklqana
Kikubaaqudgha
Nemelex Xobeh
Okawaru
Qazlal
Ru
Sif Muna
Trog
Uskayaw
Vehumet
Wu Jian
Xom
Yredelemnul
Zin
Jiyva

Shops:
D:4 *(   D:5 (   D:6 (   D:7 ?

Annotations:
D:4 Eustachio


Message History

The fungus begins to die.
You hit the dream sheep.
The dream sheep is moderately wounded.
You slash the dream sheep! You block the dream sheep's attack.
The dream sheep ruffle their wool and motes of dream dust sparkle, to no effect.
Something bites the fungus!
You slice the dream sheep!!
You kill the dream sheep!
Trog accepts your kill.
You hit the dream sheep.
Something bites the fungus!
You block the dream sheep's attack.
The dream sheep ruffle their wool and motes of dream dust sparkle, to no effect.
The dream sheep bites you but does no damage.
Something bites the fungus!
You slice the dream sheep!!
You kill the dream sheep!
Trog accepts your kill.
A nearby fungus withers and dies.
The dream sheep ruffles its wool and motes of dream dust sparkle, to no effect.
The dream sheep ruffle their wool and motes of dream dust sparkle, to no effect.
The dream sheep shake their wool and sparkle.
You feel drowsy...
You fall asleep.
The torpor snail bites you!!!
You wake up.
You see here a dream sheep corpse.
You slash the torpor snail!
The torpor snail is moderately wounded.
The torpor snail bites you.
You slash the torpor snail!
The torpor snail is severely wounded.
The torpor snail bites you.
You slash the torpor snail!
The torpor snail is almost dead.
The torpor snail bites you but does no damage.
You hit the torpor snail but do no damage.
The torpor snail is almost dead.
The torpor snail bites you!
The dream sheep shake their wool and sparkle.
You feel drowsy...
You fall asleep.
The torpor snail bites you!!!
You die...

#...####†.####... #...##
#..# #.... #....# ##.#
#.... ##..## #.# ##..[
#....# ##.# #..÷
##..####..####..÷ .
#...##...P##....
..?.#####..........#....
....YYw@................
###..##....##..###.##...
# ###.###.## ####### ###
###


You could see a torpor snail and 2 dream sheep.

Vanquished Creatures
  4 death yaks (Lair:3)
  Sonja (Lair:1)
  6 elephants (Lair:4)
  3 cane toads
  3 black mambas
  A kobold demonologist (D:7)
  2 rime drakes
  A komodo dragon (Lair:1)
  A troll (D:8)
  2 polar bears
  A hornet (Lair:2)
  Prince Ribbit (D:8)
  4 blink frogs (Lair:1)
  2 dream sheep (Lair:4)
  Sigmund (D:3)
  Grum (D:8)
  22 yaks
  A steam dragon (Lair:4)
  3 water moccasins
  A sky beast (D:7)
  An orc warrior (D:6)
  2 ice beasts (D:5)
  A black bear (D:8)
  2 ogres
  17 wolves
  A centaur (D:7)
  An elf zombie (Ossuary)
  3 phantoms
  2 kobold brigands (D:8)
  4 bullfrogs
  3 necrophages
  A scorpion (D:6)
  2 gnoll sergeants (D:5)
  4 wights (D:6)
  2 electric eels (D:8)
  5 howler monkeys (D:8)
  A human zombie (Ossuary)
  3 gnoll boudas (D:5)
  A jelly (D:7)
  4 orc priests
  13 hounds
  3 iguanas
  9 orc wizards
  A hound zombie (Ossuary)
  5 mummies
  Robin (D:3)
  16 gnolls
  2 adders
  A shadow imp (D:5)
  2 white imps
  An ufetubus (D:7)
  An adder zombie (Ossuary)
  A worm (D:3)
  4 dart slugs
  15 orcs
  2 ball pythons
  2 bats
  4 endoplasms
  2 giant cockroaches
  A gnoll zombie (Ossuary)
  8 hobgoblins
  8 jackals
  7 quokkas
  5 frilled lizards (D:1)
  11 goblins
  A goblin zombie (Ossuary)
  10 kobolds
  3 orc zombies (Ossuary)
  6 rats
  3 rat zombies (Ossuary)
269 creatures vanquished.

Vanquished Creatures (others)
  13 fungi
  27 plants
40 creatures vanquished.

Grand Total: 309 creatures vanquished

Notes
Turn   | Place    | Note
-------+----------+-------------------------------------------
     0 | D:1      | LabCoat the Hill Orc Fighter began the quest for the Orb.
     0 | D:1      | Reached XP level 1. HP: 19/19 MP: 1/1
   502 | D:1      | Reached XP level 2. HP: 27/27 MP: 2/2
  1011 | D:2      | Found a faded altar of an unknown god.
  1119 | D:2      | Reached XP level 3. HP: 26/33 MP: 3/3
  1125 | D:2      | Reached skill level 4 in Fighting
  1420 | D:2      | Reached XP level 4. HP: 40/40 MP: 4/4
  1740 | D:2      | You fall into a shaft and drop 2 floors!
  1762 | D:4      | Reached skill level 1 in Throwing
  1793 | D:4      | Found Eshuthib's Antique Weapon Shoppe.
  1806 | D:3      | Noticed a necrophage
  1825 | D:3      | Killed a necrophage
  1826 | D:3      | Reached skill level 1 in Dodging
  1826 | D:3      | Reached skill level 1 in Evocations
  1826 | D:3      | Reached XP level 5. HP: 17/47 MP: 5/5
  2301 | D:3      | Noticed Robin
  2440 | D:3      | Noticed Sigmund
  2460 | D:3      | Killed Sigmund
  2461 | D:3      | Reached skill level 5 in Fighting
  2461 | D:3      | Reached XP level 6. HP: 36/56 MP: 6/6
  2736 | D:3      | Found a basalt altar of Yredelemnul.
  2746 | D:3      | Found a sparkling altar of Nemelex Xobeh.
  2788 | D:3      | Killed Robin
  3043 | D:4      | Reached skill level 5 in Axes
  3043 | D:4      | Reached XP level 7. HP: 13/61 MP: 7/7
  3335 | D:4      | Found a shimmering blue altar of Sif Muna.
  3370 | D:4      | Found an ancient bone altar of Kikubaaqudgha.
  3396 | D:4      | Found a radiant altar of Vehumet.
  3513 | D:4      | Identified the +0 robe of the Komodo Dragon {rF++ Int+2}
  3568 | D:4      | Found a sacrificial altar of Ru.
  3582 | D:4      | Identified the +0 leather armour of Ynnequs {Fly Str+4}
  3971 | D:4      | Noticed Eustachio
  4082 | D:4      | Found Loinadoc's Assorted Antiques.
  4147 | D:4      | Found a snail-covered altar of Cheibriados.
  4167 | D:4      | Found a staircase to the Ecumenical Temple.
  4177 | Temple   | Entered the Ecumenical Temple
  4194 | Temple   | Became a worshipper of Trog the Wrathful
  4243 | D:5      | Entered Level 5 of the Dungeon
  4279 | D:5      | Reached skill level 6 in Fighting
  4389 | D:5      | Found an iron altar of Okawaru.
  4464 | D:5      | Reached XP level 8. HP: 43/70 MP: 8/8
  5099 | D:5      | Found Hitaacw's Antique Weapon Shoppe.
  5180 | D:5      | Reached * piety under Trog
  5385 | D:5      | Reached skill level 5 in Armour
  5388 | D:5      | Reached skill level 7 in Fighting
  5444 | D:5      | Reached skill level 5 in Shields
  5804 | D:6      | Reached XP level 9. HP: 76/79 MP: 9/9
  5878 | D:6      | Found Popa's Weapon Emporium.
  6496 | D:6      | Reached skill level 8 in Fighting
  7081 | D:7      | Found a shadowy altar of Dithmenos.
  7209 | D:7      | Found a glowing silver altar of Zin.
  7219 | D:7      | Found a white marble altar of Elyvilon.
  7340 | D:7      | Found Seikiud's Magic Scroll Shoppe.
  7364 | D:7      | Noticed a kobold demonologist
  7370 | D:7      | Killed a kobold demonologist
  7852 | D:7      | Reached ** piety under Trog
  8387 | D:8      | Found a sand-covered staircase.
  8397 | Ossuary  | Entered an ossuary
  8675 | D:8      | Found an ornate altar of the Wu Jian Council.
  8712 | D:8      | Noticed Grum
  8719 | D:8      | Reached XP level 10. HP: 69/90 MP: 10/10
  8739 | D:8      | Killed Grum
  9021 | D:8      | Reached skill level 9 in Fighting
  9250 | D:8      | Found a staircase to the Lair.
  9273 | D:8      | Reached *** piety under Trog
  9638 | D:8      | Noticed Prince Ribbit
  9643 | D:8      | Killed Prince Ribbit
  9771 | Lair:1   | Entered Level 1 of the Lair of Beasts
  9786 | Lair:1   | Reached skill level 5 in Evocations
  9799 | Lair:1   | Reached skill level 10 in Fighting
  9799 | Lair:1   | Reached skill level 5 in Dodging
  9799 | Lair:1   | Reached XP level 11. HP: 57/99 MP: 11/11
  9968 | Lair:1   | Noticed Sonja
 10340 | Lair:1   | Killed Sonja
 10341 | Lair:1   | Reached skill level 5 in Throwing
 10353 | Lair:1   | Reached skill level 10 in Axes
 11608 | Lair:2   | Found a staircase to the Swamp.
 11724 | Lair:2   | Reached skill level 11 in Fighting
 11836 | Lair:2   | Found a hole to the Spider Nest.
 12576 | Lair:3   | Noticed a death yak
 12576 | Lair:3   | Noticed a death yak
 12576 | Lair:3   | Noticed a death yak
 12577 | Lair:3   | Noticed a death yak
 12588 | Lair:3   | Killed a death yak
 12589 | Lair:3   | Killed a death yak
 12590 | Lair:3   | Reached XP level 12. HP: 92/110 MP: 12/12
 12593 | Lair:3   | Killed a death yak
 12596 | Lair:3   | Killed a death yak
 12795 | Lair:3   | You fall into a shaft and drop 2 floors!
 12795 | Lair:5   | Entered Level 5 of the Lair of Beasts
 12996 | Lair:4   | Found a viscous altar of Jiyva.
 12996 | Lair:4   | Found a staircase to the Slime Pits.
 13207 | Lair:4   | Reached **** piety under Trog
 13221 | Lair:4   | Reached skill level 12 in Fighting
 13699 | Lair:4   | Mangled by a torpor snail

Illustrated notes

Levels and vault maps discovered:
D:1:      co_arrival_random_square_maze, layout_basic
D:2:      wad_woods_tower, layout_basic, shapermc_ecumenical_altar_ellora
D:3:      layout_rooms, mainiacjoe_overflow_big_doors, grunt_ministairs_6,
          uniq_robin, uniq_sigmund
D:4:      layout_rooms, palyth_temple_overflow_mages, old_standard_altar,
          lemuel_tele_altar, minmay_temple_entry_glass, serial_shops,
          nicolae_stop_n_shop_1, nicolae_shop_advertising_works
          [nicolae_subvault_shop_adworks], grunt_decor_one_mirror,
          uniq_eustachio
D:5:      layout_cave_pools, mainiacjoe_overflow_alcove_4, serial_gnoll_camp,
          gnoll_camp_mini_shop, gnoll_camp_mini_basic, gnoll_camp_mini_basic,
          gnoll_camp_medium_02, gnoll_camp_mini_hut
D:6:      layout_cave_pods, serial_shops, nicolae_shop_bloodbath_and_beyond,
          minmay_misc_feat_chi, chequers_serial_rivers_micro_e
D:7:      layout_layer_cave, amethyst_overflow_temple_binary, marbit_many_paths,
          serial_shops, shop
D:8:      layout_loops_cross, nzn_wu_jian_council_hall, erik_lair_island,
          gup_ossuary_entry_pyramid, kennysheep_generic_room_12, uniq_grum,
          uniq_prince_ribbit1
Temple:   hellmonk_temple_two_chambers
Lair:1:   layout_loops_ring, uniq_sonja
Lair:2:   layout_misc_corridors, swamp_mist_pool, spider_nest_entry_a,
          st_stairs_7
Lair:3:   layout_chaotic_city, forest_entry_grove
Lair:4:   wander_river, layout_small_grid, slime_entry_1, nzn_sisyphean_effort
Lair:5:   gammafunk_lair_ancient_temple, layout_misc_corridors, dpeg_oklob_1

Skill      XL: |  1  2  3  4  5  6  7  8  9 10 11 12 |
---------------+-------------------------------------+-----
Axes           | 3 4 5 7 8 9 10 11 | 11.1
Fighting       | 4 5 6 7 8 10 11 12 | 12.1
Throwing       | 1 2 3 4 5 6 |  6.2
Dodging        | 1 2 3 5 6 7 |  7.1
Evocations     | 1 2 3 4 5 6 |  6.7
Armour         | 4 5 6 7 8 |  8.2
Shields        | 4 5 6 7 8 |  8.1

Action                   |  1- 3 |  4- 6 |  7- 9 | 10-12 || total
-------------------------+-------+-------+-------+-------++-------
Melee: War axe           |   106 |    88 |   350 |   359 ||   903
Throw: Dart              |       |    15 |    35 |       ||    50
       Boomerang         |       |       |    13 |    24 ||    37
Invok: Berserk           |       |       |     4 |     4 ||     8
       Trog's Hand       |       |       |       |     5 ||     5
Evoke: Wand              |       |       |       |    13 ||    13
  Use: Scroll            |     2 |     5 |    10 |     6 ||    23
       Potion            |     1 |     2 |     3 |     6 ||    12
Armor: Scale mail        |    68 |     1 |       |       ||    69
       Chain mail        |       |    47 |   179 |   135 ||   361
       Plate armour      |       |       |       |   155 ||   155
Dodge: Dodged            |    39 |    20 |    86 |   166 ||   311
Block: Buckler           |    19 |       |       |       ||    19
       Kite shield       |    37 |    47 |   186 |   299 ||   569
